 Dungeon Crawl Stone Soup version 0.27-a0-1122-g2a214b436d (webtiles) character file.

Game seed: 15959612421656000893

184250 Noili the Earth Mage (level 18, -29/110 HPs)
             Began as a Gargoyle Earth Elementalist on May 3, 2021.
             Was the Champion of Vehumet.
             Killed from afar by a hellephant (94 damage)
             ... with a blast of flame
             ... on level 3 of the Shoals.
             The game lasted 01:27:32 (36562 turns).

Noili the Earth Mage (Gargoyle Earth Elementalist) Turns: 36562, Time: 01:27:32

Health: -29/110    AC: 34    Str: 12      XL:     18   Next: 40%
Magic:  3/42       EV: 16    Int: 25 (27) God:    Vehumet [******]
Gold:   2361       SH:  5    Dex: 14      Spells: 9/40 levels left

rFire    . . .     SeeInvis .   c - +9 flail (vorpal)
rCold    . . .     Faith    .   (no shield)
rNeg     + . .     Spirit   .   u - +1 troll leather armour {Purgy}
rPois    ∞         Reflect  +   P - +2 helmet {Int+3}
rElec    +         Harm     .   p - +2 cloak {Will+}
rCorr    .         Rampage  .   a - +2 pair of gloves
Will     ++++.                  C - +0 pair of boots
Stlth    ++........             t - amulet of reflection
HPRegen  1.28/turn              w - ring of Ovarhek {AC+4 Dex+4}
MPRegen  0.28/turn              U - ring of Incredulity {Will++ MP+9 Int+2}

@: on berserk cooldown, flying, slowed, very slow
A: AC +13, big wings, negative energy resistance 1, electricity resistance,
torment resistance 1, unbreathing 1, petrification resistance, hooves 1,
deterioration 1, dopey 1, wild magic 1
a: Renounce Religion


You were on level 3 of the Shoals.
You worshipped Vehumet.
Vehumet was exalted by your worship.
You visited 6 branches of the dungeon, and saw 31 of its levels.
You also visited: Volcano.

You collected 4638 gold pieces.
You spent 2277 gold pieces at shops.

Inventory:

Hand Weapons
 c - a +9 vorpal flail (weapon)
Missiles
 b - 915 stones
 l - 5 throwing nets
 m - 3 curare-tipped darts
 S - 6 atropa-tipped darts
Armour
 a - a +2 pair of gloves (worn)
 p - a +2 cloak of willpower (worn)
 u - a +1 troll leather armour (worn) {Purgy}
 C - a +0 pair of boots (worn)
 P - a +2 helmet of intelligence (worn)
Magical Staves
 f - a staff of cold
 s - a staff of fire
Jewellery
 d - a ring of ice
 t - an amulet of reflection (around neck)
 w - the ring of Ovarhek (left hand) {AC+4 Dex+4}
   (You found it on level 13 of the Dungeon)

   [ring of protection]

   It affects your AC (+4).
   It affects your dexterity (+4).
 U - the ring of Incredulity (right hand) {Will++ MP+9 Int+2}
   (You acquired it on level 3 of the Lair of Beasts)

   [ring of magical power]

   It affects your intelligence (+2).
   It affects your magic capacity (+9).
   It greatly increases your willpower.
 Y - a ring of resist corrosion
Wands
 k - a wand of iceblast (23)
 q - a wand of paralysis (10)
 y - a wand of charming (30)
 B - a wand of flame (87)
 O - a wand of polymorph (9)
 Q - a wand of mindburst (16)
 T - a wand of digging (2)
Scrolls
 g - a scroll of immolation
 h - 4 scrolls of fog
 A - 11 scrolls of teleportation
 E - 4 scrolls of blinking
 F - 4 scrolls of magic mapping
 H - 5 scrolls of fear
 J - 5 scrolls of summoning
 N - 3 scrolls of amnesia
 W - 7 scrolls of identify
 X - 2 scrolls of holy word
Potions
 e - 11 potions of heal wounds
 i - 12 potions of curing
 j - a potion of magic
 n - 4 potions of ambrosia
 o - 4 potions of might
 r - a potion of haste
 v - 3 potions of brilliance
 x - 4 potions of mutation
 z - a potion of attraction
 G - 3 potions of invisibility
 I - 3 potions of cancellation
 L - 2 potions of berserk rage
 R - 2 potions of resistance
Miscellaneous
 V - a tin of tremorstones (inert)


   Skills:
 + Level 11.5 Fighting
 + Level 10.7 Maces & Flails
 - Level 6.0 Armour
 + Level 9.3 Dodging
 - Level 2.1 Stealth
 + Level 11.9 Spellcasting
 + Level 13.5 Conjurations
 - Level 0.7 Transmutations
 * Level 12.0 Fire Magic
 + Level 15.2 Earth Magic
 + Level 9.9 Evocations


You had 9 spell levels left.
You knew the following spells:

 Your Spells              Type           Power      Damage    Failure   Level
a - Sandblast             Erth           100%       2d20      1%          1
b - Stone Arrow           Conj/Erth      100%       3d13      1%          3
c - Lee's Rapid Deconstr  Erth           43%        3d22*     1%          5
d - Iron Shot             Conj/Erth      42%        9d8       1%          6
e - Bolt of Magma         Conj/Fire/Erth 41%        4d17      1%          5
f - Irradiate             Conj/Tmut      30%        3d23      3%          5
h - Starburst             Conj/Fire      40%        8x6d11    1%          6

Your spell library contained the following spells:

 Spells                   Type           Power      Damage    Failure   Level
 Magic Dart               Conj           100%       1d8       1%          1
 Passwall                 Tmut/Erth      52%        N/A       1%          2
 Conjure Flame            Conj/Fire      80%        6-21      1%          3
 Inner Flame              Hex/Fire       56%        N/A       1%          3
 Mephitic Cloud           Conj/Pois/Air  48%        N/A       1%          3
 Petrify                  Tmut/Erth      63%        N/A       3%          4
 Leda's Liquefaction      Hex/Erth       31%        N/A       4%          4
 Beastly Appendage        Tmut           48%        N/A       6%          1
 Orb of Destruction       Conj           41%        9d14      6%          7
 Animate Skeleton         Necr           38%        N/A       8%          1
 Apportation              Tloc           38%        N/A       8%          1
 Corona                   Hex            21%        N/A       8%          1
 Summon Small Mammal      Summ           76%        N/A       8%          1
 Wereblood                Tmut           24%        N/A       9%          2
 Blink                    Tloc           N/A        N/A       12%         2
 Call Imp                 Summ           19%        N/A       12%         2
 Slow                     Hex            19%        N/A       12%         2
 Spider Form              Tmut/Pois      10%        N/A       19%         3
 Call Canine Familiar     Summ           19%        N/A       22%         3
 Gell's Gravitas          Tloc           9%         N/A       22%         3
 Lesser Beckoning         Tloc           9%         N/A       22%         3
 Portal Projectile        Hex/Tloc       38%        N/A       22%         3
 Summon Guardian Golem    Hex/Summ       19%        N/A       22%         3
 Teleport Other           Tloc           19%        N/A       22%         3
 Ice Form                 Ice/Tmut       21%        N/A       47%         4
 Cause Fear               Hex            9%         N/A       54%         4
 Summon Ice Beast         Ice/Summ       19%        N/A       54%         4
 Summon Lightning Spire   Summ/Air       19%        N/A       54%         4
 Hydra Form               Tmut           12%        N/A       78%         5
 Manifold Assault         Tloc           19%        N/A       86%         5
 Blade Hands              Tmut           12%        N/A       100%        6
 Dragon Form              Tmut           12%        N/A       100%        7
 Statue Form              Tmut/Erth      Unusable   N/A       N/A         6

Dungeon Overview and Level Annotations

Branches:
Dungeon (15/15)            Temple (1/1) D:6            Lair (6/6) D:11
 Shoals (3/4) Lair:4       Spider (4/4) Lair:3        Slime (0/5) Lair:5
    Orc (2/2) D:9             Elf (0/3) Orc:2        Vaults (0/5) D:13
 Depths (0/5) D:15        Volcano (visited)

Altars:
Ashenzari
Cheibriados
Hepliaklqana
Kikubaaqudgha
Nemelex Xobeh
Okawaru
Ru
Sif Muna
Trog
Uskayaw
Vehumet
Wu Jian
Beogh
Jiyva

Shops:
D:4 *   Orc:2 *:*[*   Shoals:2 ?[

Portals:
Abyss: Shoals:3

Annotations:
D:10 2 transporters, Armakuni's ghost, journeyman HuWn
Shoals:3 1 transporter


Innate Abilities, Weirdness & Mutations

Your stone body is resilient. (AC +13)
You are immune to poison.
Your large and strong wings let you fly.
You resist negative energy. (rN+)
You are resistant to electric shocks. (rElec)
You are resistant to unholy torment.
You can survive without breathing.
You are immune to petrification.
You have large cloven feet.
Your body sometimes deteriorates upon taking damage.
You are dopey. (Int -2)
Your spells are a little harder to cast, but a little more powerful.


Message History

Aim: a hellephant (severely wounded, 84% to hit)
The blast of sand hits the hellephant but does no damage.
The hellephant is severely wounded.
The hellephant blinks!
Unknown command.
Aiming: Corrosive Bolt
Press: ? - help, Shift-Dir - straight line, f/p - hellephant
Aim: a hellephant (severely wounded, 74% to hit)
The bolt of acid misses the hellephant.
The hellephant blinks!
Unknown command.
Aiming: Mindburst
Press: ? - help, Shift-Dir - straight line, f/p - hellephant
Aim: a hellephant (severely wounded, chance to affect: 7%)
Okay, then.
Unknown command.
Aiming: Paralyse
Press: ? - help, Shift-Dir - straight line, f/p - hellephant
Aim: a hellephant (severely wounded, chance to affect: 0%)
Okay, then.
Unknown command.
Aiming: Corrosive Bolt
Press: ? - help, Shift-Dir - straight line, f/p - hellephant
Aim: a hellephant (severely wounded, 74% to hit)
The bolt of acid hits the hellephant!!
The hellephant is splashed with acid.
The hellephant is almost dead.
The now-empty wand crumbles to dust.
The hellephant completely misses you. The hellephant bites you!
Your body deteriorates!
You feel dopey.
The hellephant gores you but does no damage.
Casting: Sandblast (safe; 1% risk of failure)
Confirm with . or Enter, or press ? or * to list all spells.
Aiming: Sandblast (safe; 1% risk of failure)
Press: ? - help, Shift-Dir - straight line, f/p - hellephant
Aim: a hellephant (almost dead, 84% to hit)
The blast of sand hits the hellephant!
The hellephant is almost dead.
The hellephant breathes flames at you. The blast of flame hits you!!!!
Ouch! That really hurt!
You die...

≈≈..≈≈≈≈.............≈≈.........≈
≈..≈≈≈≈≈≈≈≈..........≈≈..........
≈..≈≈≈≈.≈≈..........≈≈≈..........
≈≈>...≈.≈..........≈≈≈...........
≈≈≈..P≈≈.##......................
≈≈≈≈≈....##...####.......###.....
≈≈≈≈≈≈≈<.##...#..###...###u##....
≈..≈≈≈≈≈..#(..##.Y.##..##.#.#....
..≈≈≈#≈≈≈......#@#..##♣#.#.##..≈.
≈≈≈≈≈≈≈≈≈≈....##.#....†.#.##...)|
≈≈≈≈≈≈≈≈≈..>.##...§##.##.##...≈≈.
≈≈≈≈≈≈....##.#(.^...©..#©#....≈≈.
≈≈≈≈≈.....##.##..#.###.Y.###.≈≈≈≈
≈≈≈≈≈≈....##..##..##©###...##≈≈≈≈
≈≈≈≈≈.........##..#....##.#.#≈≈≈≈
≈≈≈≈≈≈.≈≈....##...###...##..#≈≈≈≈
≈≈≈≈≈≈≈≈≈≈≈≈≈#...#:∩##..##.##≈≈≈≈


You could see a hellephant (catching breath).

Vanquished Creatures
  Arachne (Spider:2)
  The ghost of Gilette the Thaumaturge, an adept GnCj of Gozag (Shoals:3)
  A tentacled starspawn (Shoals:3)
  2 krakens
  Donald (Spider:2)
  Kirke (Shoals:1)
  An orc warlord (Orc:1)
  Aizul (Shoals:2)
  A ghost moth (Spider:3)
  A stone giant (Volcano)
  2 spark wasps
  An entropy weaver (Spider:3)
  Azrael (Orc:2)
  A dire elephant (Lair:6)
  2 crystal guardians (D:13)
  3 merfolk impalers
  An ice dragon (Lair:5)
  2 ghost crabs (Spider:1)
  11 hydras
  3 merfolk avatars
  5 boulder beetles
  3 catoblepae
  6 centaur warriors
  3 satyrs
  A deep troll shaman (Lair:6)
  The ghost of PirateVox the Covert, a journeyman SpSu of Hepliaklqana (Lair:3)
  A hell hog (Shoals:3)
  9 orc high priests (Orc:2)
  4 two-headed ogres
  6 death yaks (Lair:6)
  A thrashing horror (Shoals:3)
  A wretched star (Shoals:3)
  11 sea snakes
  A glowing orange brain (Shoals:3)
  An orange crystal statue (D:13)
  A wolf spider zombie (D:15)
  19 harpies
  2 wizards (D:15)
  3 orc knights
  A lindwurm (Lair:6)
  14 wolf spiders
  A necromancer (D:15)
  10 ugly things
  9 orb spiders
  5 manticores
  A deep elf zephyrmancer (D:15)
  An orc sorcerer (D:15)
  3 cyclopes
  15 slime creatures
  2 moths of wrath (Spider:1)
  5 oklob plants
  20 fauns
  A black mamba (shapeshifter) (D:14)
  5 merfolk sirens
  3 elephants
  3 water nymphs
  4 black mambas
  12 cane toads
  2 molten gargoyles (Volcano)
  A torpor snail (Lair:4)
  An unseen horror (D:8)
  A gargoyle (Volcano)
  2 kobold demonologists (D:11)
  A rime drake (Lair:5)
  13 demonic crawlers
  9 komodo dragons
  An efreet (Volcano)
  5 trolls
  2 polar bears
  4 tyrant leeches (Spider:1)
  3 wind drakes
  28 jumping spiders
  10 merfolk
  5 hornets
  Prince Ribbit (D:6)
  Grinder (D:6)
  7 snapping turtles
  32 blink frogs
  Sigmund (D:5)
  2 centaur simulacra
  A spriggan (Lair:6)
  A tarantella (shapeshifter) (D:15)
  25 tarantellas
  3 shadows
  A water elemental (Shoals:2)
  3 basilisks
  2 wyverns
  52 redbacks
  3 fire elementals
  3 hogs (Shoals:1)
  70 yaks
  Eustachio (D:5)
  A steam dragon (D:8)
  8 vampire mosquitoes
  18 humans
  7 wargs
  Edmund (D:4)
  A large abomination (Shoals:3)
  3 acid dragons (D:11)
  13 water moccasins
  Duvessa (D:6)
  2 hell hounds (Orc:2)
  19 orc warriors
  6 black bears
  Purgy (D:4)
  4 boggarts (D:15)
  A necrophage (D:8)
  14 centaurs
  A wolf (shapeshifter) (D:13)
  10 ogres
  28 wolves
  A phantom (D:6)
  9 kobold brigands
  17 bullfrogs
  2 earth elementals (Volcano)
  10 scorpions
  2 gnoll sergeants (D:9)
  2 wyvern zombies
  A hornet simulacrum (D:15)
  A wyvern skeleton (D:7)
  Dowan (D:6)
  6 killer bees (D:8)
  3 wights (D:7)
  2 howler monkeys
  An electric eel (Spider:1)
  5 centaur zombies
  2 lava snakes (Volcano)
  A bullfrog zombie (D:7)
  2 centaur skeletons
  3 jellies
  Crazy Yiuf (D:6)
  30 orc priests
  4 gnoll shamans
  24 orc wizards
  An iguana (D:5)
  A hound zombie (D:5)
  A howler monkey zombie (D:9)
  27 gnolls
  8 adders
  4 white imps
  An adder skeleton (D:4)
  2 worms
  3 dart slugs
  72 orcs
  10 ball pythons
  3 bats
  9 endoplasms
  5 giant cockroaches
  7 hobgoblins
  13 jackals
  17 kobolds
  3 quokkas
  4 frilled lizards
  4 goblins
  2 rats
  4 bushes (Lair:6)
  4 tentacles (Shoals:2)
1003 creatures vanquished.

Vanquished Creatures (collateral kills)
  A wraith (D:10)
1 creature vanquished.

Vanquished Creatures (others)
  A wizard (D:6)
  A bush (Lair:6)
  21 fungi
  131 plants
  2 starspawn tentacles (Shoals:3)
  12 tentacles
  3 withered plants (D:3)
171 creatures vanquished.

Grand Total: 1175 creatures vanquished

Notes
Turn   | Place    | Note
-------+----------+-------------------------------------------
     0 | D:1      | Noili the Gargoyle Earth Elementalist began the quest for
                  | the Orb.
     0 | D:1      | Reached XP level 1. HP: 10/10 MP: 3/3
   349 | D:1      | Reached skill level 4 in Earth Magic
   349 | D:1      | Reached XP level 2. HP: 5/15 MP: 3/5
  1127 | D:1      | Reached XP level 3. HP: 15/19 MP: 6/6
  1580 | D:1      | Learned a level 3 spell: Stone Arrow
  2077 | D:2      | Reached XP level 4. HP: 21/24 MP: 8/8
  2123 | D:2      | Reached skill level 1 in Conjurations
  2756 | D:3      | Noticed an ogre
  2759 | D:3      | Killed an ogre
  2760 | D:3      | Reached skill level 5 in Earth Magic
  2760 | D:3      | Reached XP level 5. HP: 21/28 MP: 5/10
  2766 | D:3      | Learned a level 5 spell: Lee's Rapid Deconstruction
  3052 | D:3      | Found a faded altar of an unknown god.
  3609 | D:4      | Found an ancient bone altar of Kikubaaqudgha.
  3627 | D:4      | Noticed Purgy
  3632 | D:4      | Killed Purgy
  3633 | D:4      | Reached XP level 6. HP: 32/32 MP: 4/11
  3694 | D:4      | Found a shimmering blue altar of Sif Muna.
  3743 | D:4      | Found an ornate altar of the Wu Jian Council.
  3781 | D:4      | Found Bulimag's Assorted Antiques.
  3784 | D:4      | Bought a scroll labelled QOTHUR NIRU for 32 gold pieces
  3784 | D:4      | Bought a fuming sapphire potion for 28 gold pieces
  3784 | D:4      | Bought a scroll labelled PUCUOJUZAM for 32 gold pieces
  3784 | D:4      | Bought a bubbling ruby potion for 28 gold pieces
  3784 | D:4      | Bought a scroll labelled WIUNOV FEPTAMU for 32 gold pieces
  3843 | D:4      | Noticed Edmund
  3855 | D:4      | Killed Edmund
  3856 | D:4      | Reached skill level 6 in Earth Magic
  4051 | D:4      | Reached XP level 7. HP: 36/36 MP: 8/13
  4560 | D:4      | Found a sparkling altar of Nemelex Xobeh.
  4663 | D:5      | Entered Level 5 of the Dungeon
  4674 | D:5      | Noticed Eustachio
  4685 | D:5      | Found a radiant altar of Vehumet.
  4686 | D:5      | Killed Eustachio
  4715 | D:5      | Noticed Sigmund
  4719 | D:5      | Became a worshipper of Vehumet
  4811 | D:5      | Reached skill level 7 in Earth Magic
  4817 | D:5      | Reached skill level 5 in Spellcasting
  4819 | D:5      | Reached XP level 8. HP: 29/41 MP: 5/15
  4819 | D:5      | Killed Sigmund
  4820 | D:5      | Reached skill level 5 in Conjurations
  5473 | D:5      | Reached skill level 8 in Earth Magic
  5959 | D:6      | Reached * piety under Vehumet
  5959 | D:6      | Offered knowledge of Shock by Vehumet.
  6257 | D:6      | Noticed Prince Ribbit
  6267 | D:6      | Reached XP level 9. HP: 40/45 MP: 6/18
  6267 | D:6      | Killed Prince Ribbit
  6268 | D:6      | Reached skill level 9 in Earth Magic
  6391 | D:6      | Noticed Duvessa
  6392 | D:6      | Found a bloodstained altar of Trog.
  6392 | D:6      | Noticed Grinder
  6393 | D:6      | Noticed Dowan
  6395 | D:6      | Killed Dowan
  6528 | D:6      | Killed Duvessa
  6638 | D:6      | Killed Grinder
  6649 | D:6      | Found a hide-covered altar of Uskayaw.
  6703 | D:6      | Noticed a wizard
  6708 | D:6      | Killed a wizard
  6852 | D:6      | Found a staircase to the Ecumenical Temple.
  6857 | Temple   | Entered the Ecumenical Temple
  6962 | D:6      | Identified a scroll of acquirement
  6962 | D:6      | Acquired 1071 gold pieces
  7240 | D:6      | Found a runed translucent door.
  7241 | D:6      | Noticed Crazy Yiuf
  7245 | D:6      | Killed Crazy Yiuf
  8171 | D:7      | Reached skill level 1 in Fighting
  8195 | D:7      | Reached skill level 1 in Armour
  8404 | D:8      | Killed an unseen horror
  8405 | D:8      | Reached skill level 1 in Maces & Flails
  8405 | D:8      | Reached skill level 1 in Evocations
  8489 | D:8      | Noticed a two-headed ogre
  8494 | D:8      | Killed a two-headed ogre
  8495 | D:8      | Reached skill level 10 in Earth Magic
  8495 | D:8      | Reached XP level 10. HP: 54/54 MP: 10/21
  8658 | D:8      | Reached ** piety under Vehumet
  8658 | D:8      | Offered knowledge of Static Discharge by Vehumet.
  9542 | D:8      | Found an ornate altar of the Wu Jian Council.
 10243 | D:8      | Found a broken altar of Ashenzari.
 10593 | D:9      | Found a staircase to the Orcish Mines.
 10601 | D:9      | Offered knowledge of Dazzling Flash by Vehumet.
 10605 | D:9      | Reached XP level 11. HP: 60/60 MP: 17/22
 10606 | D:9      | Reached *** piety under Vehumet
 10936 | D:10     | Entered Level 10 of the Dungeon
 10972 | D:10     | Found a snail-covered altar of Cheibriados.
 11050 | D:10     | Noticed a two-headed ogre
 11054 | D:10     | Killed a two-headed ogre
 11154 | D:10     | Found a transporter.
 11155 | D:10     | Found a transporter.
 11155 | D:10     | Noticed a moth of wrath
 11155 | D:10     | Noticed a cyclops
 11159 | D:10     | Found a bloodstained altar of Trog.
 11159 | D:10     | Noticed Armakuni's ghost (journeyman HuWn)
 11159 | D:10     | Noticed an orc knight
 11175 | D:10     | Noticed a two-headed ogre
 11282 | D:10     | Found an iron altar of Okawaru.
 11374 | D:10     | Offered knowledge of Frozen Ramparts by Vehumet.
 11533 | D:10     | Found a hazy altar of Hepliaklqana.
 11883 | D:10     | Found a sacrificial altar of Ru.
 12140 | D:11     | Reached skill level 11 in Earth Magic
 12299 | D:11     | Reached skill level 5 in Fighting
 12335 | D:11     | Gained mutation: Your spells are a little harder to cast,
                  | but a little more powerful. [potion of mutation]
 12335 | D:11     | Gained mutation: You have large cloven feet. [potion of
                  | mutation]
 12404 | D:11     | Found a staircase to the Lair.
 12405 | D:11     | Noticed an oklob plant
 12426 | D:11     | Killed an oklob plant
 12427 | D:11     | Reached skill level 5 in Armour
 12892 | D:11     | Reached **** piety under Vehumet
 13179 | D:12     | Noticed a two-headed ogre
 13183 | D:12     | Killed a two-headed ogre
 13268 | D:12     | Reached XP level 12. HP: 56/68 MP: 9/24
 13503 | D:12     | Reached skill level 5 in Maces & Flails
 13596 | D:12     | Offered knowledge of Bolt of Magma by Vehumet.
 13657 | D:12     | Noticed a six-headed hydra
 13663 | D:12     | Killed a six-headed hydra
 14159 | D:13     | Found a gate to the Vaults.
 14159 | D:13     | Noticed a centaur warrior
 14159 | D:13     | Noticed a two-headed ogre
 14310 | D:13     | Killed a centaur warrior
 14311 | D:13     | Reached skill level 5 in Evocations
 14322 | D:12     | Reached skill level 5 in Dodging
 14460 | D:13     | Killed a two-headed ogre
 14461 | D:13     | Reached skill level 10 in Conjurations
 14658 | D:13     | Noticed a boulder beetle
 14706 | D:13     | Killed a boulder beetle
 14707 | D:13     | Reached skill level 12 in Earth Magic
 14932 | D:13     | Noticed a centaur warrior
 14943 | D:13     | Killed a centaur warrior
 14944 | D:13     | Reached XP level 13. HP: 70/76 MP: 26/26
 15016 | D:13     | Learned a level 5 spell: Bolt of Magma
 15176 | D:13     | Found a runed translucent door.
 15201 | D:13     | Noticed a crystal guardian
 15517 | D:13     | Killed a crystal guardian
 15518 | D:13     | Reached skill level 1 in Fire Magic
 15518 | D:13     | Noticed a crystal guardian
 15559 | D:13     | Killed a crystal guardian
 15766 | D:13     | Identified the ring of Ovarhek {AC+4 Dex+4}
 17994 | Lair:1   | Entered Level 1 of the Lair of Beasts
 18286 | Lair:1   | Found a dark tunnel.
 18305 | Volcano  | Entered a volcano
 18501 | Volcano  | Found a radiant altar of Vehumet.
 18513 | Volcano  | Reached ***** piety under Vehumet
 18513 | Volcano  | Offered knowledge of Starburst by Vehumet.
 18521 | Volcano  | Noticed a stone giant
 18540 | Volcano  | Killed a stone giant
 18541 | Volcano  | Gained mutation: Your large and strong wings let you fly.
                  | [Gargoyle growth]
 18541 | Volcano  | Reached XP level 14. HP: 63/83 MP: 7/27
 18930 | Lair:1   | Learned a level 6 spell: Starburst
 19421 | Lair:1   | Reached skill level 5 in Fire Magic
 20824 | Lair:3   | Found a hole to the Spider Nest.
 20910 | Lair:3   | Acquired the ring of Incredulity {Will++ MP+9 Int+2}
 21321 | Lair:3   | Reached skill level 10 in Spellcasting
 21442 | Lair:3   | Found a runed translucent door.
 21442 | Lair:3   | Noticed PirateVox's ghost (journeyman SpSu)
 21469 | Lair:3   | Killed PirateVox's ghost
 21602 | Lair:3   | Reached skill level 13 in Earth Magic
 22271 | Lair:4   | Offered knowledge of Eringya's Noxious Bog by Vehumet.
 22569 | Lair:4   | Found a staircase to the Shoals.
 23856 | Lair:5   | Reached XP level 15. HP: 89/89 MP: 29/29
 24363 | Lair:5   | Found a viscous altar of Jiyva.
 24363 | Lair:5   | Found a staircase to the Slime Pits.
 24534 | Lair:6   | Entered Level 6 of the Lair of Beasts
 24919 | Lair:6   | Acquired 727 gold pieces
 24929 | Lair:6   | Offered knowledge of Irradiate by Vehumet.
 25077 | Lair:6   | Learned a level 5 spell: Irradiate
 26547 | Orc:1    | Entered Level 1 of the Orcish Mines
 26748 | Orc:2    | Entered Level 2 of the Orcish Mines
 26815 | Orc:2    | Offered knowledge of Conjure Ball Lightning by Vehumet.
 26992 | Orc:2    | Gained mutation: You are dopey. (Int -2) [a neqoxec]
 26994 | Orc:2    | Gained mutation: Your body sometimes deteriorates upon
                  | taking damage. [a neqoxec]
 27020 | Orc:2    | Found Goluiwni's Armour Shoppe.
 27020 | Orc:2    | Found Cigroy's Assorted Antiques.
 27078 | Orc:2    | Found Watz's Book Shoppe.
 27080 | Orc:2    | Found Pemudon's General Store.
 27155 | Orc:2    | Bought a potion of curing for 39 gold pieces
 27155 | Orc:2    | Bought a tin of tremorstones (2/2) for 520 gold pieces
 27188 | Orc:2    | Bought a potion of curing for 87 gold pieces
 27188 | Orc:2    | Bought a potion of ambrosia for 232 gold pieces
 27188 | Orc:2    | Bought a scroll of blinking for 217 gold pieces
 27188 | Orc:2    | Bought a scroll of enchant weapon for 217 gold pieces
 27188 | Orc:2    | Bought a scroll of enchant weapon for 217 gold pieces
 27429 | Orc:2    | Found Qotetoan's General Store.
 27437 | Orc:2    | Bought a potion of curing for 39 gold pieces
 27437 | Orc:2    | Bought a scroll of teleportation for 39 gold pieces
 27458 | Orc:2    | Found a staircase to the Elven Halls.
 27471 | Orc:2    | Noticed Azrael
 27480 | Orc:2    | Killed Azrael
 27481 | Orc:2    | Reached XP level 16. HP: 92/96 MP: 23/30
 28253 | D:15     | Entered Level 15 of the Dungeon
 28256 | D:15     | Offered knowledge of Orb of Destruction by Vehumet.
 28741 | D:15     | Reached skill level 14 in Earth Magic
 28871 | D:15     | Reached skill level 10 in Fighting
 29095 | D:15     | Found a staircase to the Depths.
 29394 | Spider:1 | Entered Level 1 of the Spider Nest
 30223 | Spider:2 | Noticed Arachne
 30226 | Spider:2 | Reached ****** piety under Vehumet
 30232 | Spider:2 | Killed Arachne
 30233 | Spider:2 | Reached skill level 10 in Fire Magic
 30587 | Spider:2 | Learned a level 7 spell: Orb of Destruction
 30706 | Spider:2 | Noticed Donald
 30727 | Spider:2 | Killed Donald
 31054 | Spider:3 | Offered knowledge of Fireball by Vehumet.
 31057 | Spider:3 | Reached XP level 17. HP: 40/103 MP: 32/32
 31906 | Spider:4 | Entered Level 4 of the Spider Nest
 32657 | Shoals:1 | Entered Level 1 of the Shoals
 32666 | Shoals:1 | Offered knowledge of Iron Shot by Vehumet.
 32716 | Lair:4   | Learned a level 6 spell: Iron Shot
 32733 | Shoals:1 | Reached skill level 10 in Maces & Flails
 32965 | Shoals:1 | Noticed Kirke
 32983 | Shoals:1 | Killed Kirke
 33667 | Shoals:1 | Noticed a kraken
 33688 | Shoals:1 | Killed a kraken
 34014 | Shoals:2 | Found Jikire's Magic Scroll Shoppe.
 34014 | Shoals:2 | Found Orghiwuo's Armour Emporium.
 34022 | Shoals:2 | Bought a scroll of enchant armour for 105 gold pieces
 34022 | Shoals:2 | Bought a scroll of enchant weapon for 105 gold pieces
 34022 | Shoals:2 | Bought a scroll of summoning for 133 gold pieces
 34022 | Shoals:2 | Bought a scroll of summoning for 133 gold pieces
 34022 | Shoals:2 | Bought a scroll of teleportation for 42 gold pieces
 34489 | Shoals:2 | Noticed Aizul
 34504 | Shoals:2 | Killed Aizul
 34748 | Shoals:2 | Noticed a kraken
 34755 | Shoals:2 | Killed a kraken
 34823 | Shoals:2 | Reached skill level 15 in Earth Magic
 34823 | Shoals:2 | Reached XP level 18. HP: 65/110 MP: 33/33
 35438 | Shoals:3 | Found a one-way gate to the infinite horrors of the Abyss.
 35438 | Shoals:3 | Noticed Gilette's ghost (adept GnCj)
 35449 | Shoals:3 | Found a transporter.
 35456 | Shoals:3 | Found a transporter.
 35460 | Shoals:3 | Noticed a hellephant
 35704 | Shoals:3 | Identified the +2 leather armour of Servitude {-Tele Int+2
                  | Stlth+}
 36525 | Shoals:3 | Killed Gilette's ghost
 36562 | Shoals:3 | Killed from afar by a hellephant

Illustrated notes

Levels and vault maps discovered:
D:1:      beargit_arrival_greenhouse, layout_basic, minivault_19
D:2:      minmay_thinvault, layout_rooms, minmay_misc_feat_alley
D:3:      layout_loops_cross, shapermc_ecumenical_altar_flowoftime,
          minmay_misc_feat_x
D:4:      layout_basic, pdpol_wu_jian_five_deadly_venoms, lemuel_tele_altar,
          nicolae_overflow_crystal_walls, lemuel_crystal_altar, serial_shops,
          nicolae_shop_stone, uniq_edmund, uniq_purgy
D:5:      layout_cave_pods, nicolae_vehumet_radiance, uniq_eustachio,
          uniq_sigmund
D:6:      layout_basic, overflow_temple_1_default, trog_wizard, temple_doors_e,
          uniq_grinder, uniq_duvessa, uniq_prince_ribbit1,
          uniq_crazy_yiuf_cottage
D:7:      layout_basic, minmay_misc_feat_iff, feat_on_display
D:8:      layout_basic, lemuel_coloured_pillars_altar, grunt_ministairs_15,
          hangedman_abyss_or_decor_lesser_grid, serial_park_tiny_2,
          minmay_ruined_shrine
D:9:      layout_rooms, kennysheep_orc_monster_closet_entryway
D:10:     layout_loops_cross, okawaru_humans, kennysheep_little_box,
          kennysheep_mini, kennysheep_mini_moat,
          gammafunk_ghost_wrathful_warriors
D:11:     layout_basic, dpeg_oklobed_lair
D:12:     layout_long_grid
D:13:     layout_roguey, david_vaults_3, serial_rivers,
          chequers_serial_rivers_small_b, chequers_serial_rivers_micro_c,
          chequers_serial_rivers_small_a, chequers_serial_rivers_large_a,
          chequers_serial_rivers_micro_b, chequers_serial_rivers_micro_a,
          minmay_crystal_box
D:14:     layout_basic, minmay_liquid_box, corner_web_ring,
          lemuel_flamethrower_3
D:15:     grunt_enter_depths_magical_seal, layout_rooms
Temple:   cyrus_temple_forest
Lair:1:   layout_cave_pods, lightli_volcano_entry_magma_tube, st_stairs_12
Lair:2:   layout_regular_city, chequers_serial_rivers_room_b,
          lemuel_fruit_fields
Lair:3:   layout_loops_ring, nicolae_spider_entry_non_spiders,
          ebering_ghost_inner_flame, chequers_serial_rivers_micro_a,
          chequers_serial_rivers_small_3, small_statue_intersection,
          beast_lair_carwin_5, minmay_lair_oklob_chamber
Lair:4:   layout_layer_cave, minmay_shoals_entry_beasts, lemuel_fruit_fields
Lair:5:   layout_small_grid, dpeg_slime_entry_enclosed_altar,
          bobbens_ice_dragon_lair
Lair:6:   grunt_lair_end_beastmaster, layout_loops_ring, columned_hall_lemuel,
          chequers_serial_rivers_marsh, minmay_stone_trees_small,
          chequers_serial_rivers_small_3, grunt_forest_large_clearing_hut
Shoals:1: layout_shoals, uniq_kirke
Shoals:2: layout_shoals, serial_shops, shop, nicolae_shop_waterfront, uniq_aizul
Shoals:3: layout_shoals, gammafunk_ghost_abyssal_escape
Spider:1: layout_spider_delve, nicolae_spider_swamp_cousins
Spider:2: layout_spider_delve, nicolae_spider_claw_tunnel, uniq_donald,
          uniq_arachne
Spider:3: layout_spider_delve, nicolae_spider_jagged_tunnels
Spider:4: grunt_spider_rune_circles, nicolae_spider_some_kinda_spiderbox
Orc:1:    layout_caves
Orc:2:    st_orc_town, layout_caves, serial_shops, nicolae_shop_behind_doors,
          uniq_azrael

Skill      XL: |  1  2  3  4  5  6  7  8  9 10 11 12 13 14 15 16 17 18 |
---------------+-------------------------------------------------------+-----
Earth Magic    | 4 5 6 7 8 10 11 12 13 14 15 | 15.2
Spellcasting   | 3 4 5 6 7 8 9 10 11 | 11.9
Conjurations   | 2 3 4 6 8 9 10 11 12 13 | 13.5
Fighting       | 2 3 5 6 7 8 9 10 11 | 11.5
Armour         | 2 3 5 6 |  6.0
Maces & Flails | 1 3 4 6 7 8 9 10 | 10.7
Dodging        | 2 3 4 5 6 7 8 9 |  9.3
Evocations     | 1 3 4 5 6 7 8 9 |  9.9
Fire Magic     | 4 7 8 10 11 12 | 12.0
Stealth        | |  2.1
Transmutations | |  0.7

Action                   |  1- 3 |  4- 6 |  7- 9 | 10-12 | 13-15 | 16-18 || total
-------------------------+-------+-------+-------+-------+-------+-------++-------
Melee: Whip              |   141 |     2 |       |       |       |       ||   143
       Unarmed           |     2 |       |       |       |       |       ||     2
       Dagger            |       |   111 |   213 |   317 |       |       ||   641
       Flail             |       |       |       |    61 |   857 |   440 ||  1358
 Cast: Sandblast         |    19 |    27 |    75 |    64 |    32 |    12 ||   229
       Stone Arrow       |       |     3 |    24 |    77 |    63 |     7 ||   174
       Lee's Rapid Decon |       |       |    11 |    45 |    68 |    25 ||   149
       Bolt of Magma     |       |       |       |       |    89 |   119 ||   208
       Starburst         |       |       |       |       |    17 |    48 ||    65
       Irradiate         |       |       |       |       |     8 |    25 ||    33
       Orb of Destructio |       |       |       |       |       |     3 ||     3
       Iron Shot         |       |       |       |       |       |    66 ||    66
Evoke: Wand              |       |       |       |    13 |     4 |    10 ||    27
       Tin of tremorston |       |       |       |       |       |     6 ||     6
  Use: Scroll            |       |     9 |     7 |    14 |    12 |     6 ||    48
       Potion            |       |       |       |     1 |     2 |     4 ||     7
 Stab: Sleeping          |     5 |     3 |       |       |     3 |       ||    11
       Distracted        |       |       |       |       |     2 |       ||     2
       Petrified         |       |       |       |       |     3 |       ||     3
       Petrifying        |       |       |       |       |     1 |       ||     1
Armor: Robe              |    53 |    30 |       |       |       |       ||    83
       Troll leather arm |       |     1 |   138 |   230 |   607 |   576 ||  1552
Dodge: Dodged            |   100 |    74 |   164 |   344 |   749 |   682 ||  2113
Block: Other             |       |    26 |    64 |   108 |   240 |   225 ||   663
       Reflection        |       |       |       |     9 |     3 |    11 ||    23

Table legend: (Time is in decaauts)
 A = Elapsed time spent in this place.
 B = Non-inter-level travel time spent in this place.
 C = Inter-level travel time spent in this place.
 D = Time resting spent in this place.
 E = Time spent auto-exploring this place.
 F = Levels seen in this place.
 G = Mean time per level.
                   A        B        C        D        E       F      G
               +--------+--------+--------+--------+--------+-----+--------+
         Total |  36640 |  34804 |   1836 |   4271 |  23383 |  32 | 1145.0 |
       Dungeon |  19317 |  18320 |    997 |   2128 |  12828 |  15 | 1287.8 |
        Temple |      1 |      1 |      0 |      0 |      0 |   1 |    1.0 |
          Lair |   8077 |   7667 |    410 |    507 |   5350 |   6 | 1346.2 |
        Shoals |   3891 |   3759 |    132 |    320 |   2707 |   3 | 1297.0 |
   Spider Nest |   3143 |   2977 |    166 |    824 |   1571 |   4 |  785.8 |
  Orcish Mines |   1591 |   1461 |    130 |    135 |    872 |   2 |  795.5 |
       Volcano |    617 |    617 |      0 |    357 |     55 |   1 |  617.0 |
               +--------+--------+--------+--------+--------+-----+--------+

Top non-repeatable levels by time:
     D:8: 1975 daAuts
    D:13: 1929 daAuts
    D:14: 1852 daAuts
  Lair:6: 1845 daAuts
     D:6: 1680 daAuts
     D:1: 1661 daAuts
  Lair:3: 1572 daAuts
  Lair:4: 1446 daAuts
    D:12: 1423 daAuts
Shoals:1: 1409 daAuts
  Lair:1: 1336 daAuts
Shoals:2: 1320 daAuts
    D:11: 1308 daAuts
     D:5: 1221 daAuts
Shoals:3: 1161 daAuts
